[Event "Late-Titled-Tuesday-Blitz-April-30-2024"]
[Site "Chess.com"]
[Date "2024.04.30"]
[Round "11"]
[White "jcibarra"]
[Black "lamomiajunior"]
[Result "1-0"]
[WhiteElo "2997"]
[BlackElo "2744"]
[TimeControl "180+1"]
[EndTime "16:04:00 PDT"]
[Termination "jcibarra won by resignation"]

1. e4 c5 2. Nf3 d6 3. d4 cxd4 4. Nxd4 Nf6 5. Nc3 a6 6. g3 Nc6 7.
Bg2 Bd7 8. O-O g6 9. Nd5 Bg7 10. Be3 Nxd5 11. exd5 Ne5 12. c3 O-O 13. Re1 Rc8 14.
a4 Nc4 15. Bc1 Re8 16. Rb1 Qb6 17. b3 Ne5 18. Qd2 Bxa4 19. Bb2 Bd7 20. h3 f5 21. Kh2 Qa5 22. f4 Nf7 23. b4 Qb6 24.
Ne6 Bxe6 25. Rxe6 Qc7 26. Rc1 b5 27. Bf3 Qc4 28. Be2 Qc7 29. h4 Nd8 30. Re3 e5 31.
dxe6 Nxe6 32. Bf3 Nf8 33. Rce1 Rxe3 34. Rxe3 Qd7 35. Bd5+ Kh8 36. Qe2 Bf6 37. Re7 Re8 38. Rxe8 1-0

[Event "Late-Titled-Tuesday-Blitz-April-30-2024"]
[Site "Chess.com"]
[Date "2024.04.30"]
[Round "11"]
[White "Sergey_70"]
[Black "GothamChess"]
[Result "0-1"]
[WhiteElo "2516"]
[BlackElo "2694"]
[TimeControl "180+1"]
[EndTime "16:04:00 PDT"]
[Termination "GothamChess won on time"]

1. e4 d5 2. exd5 Qxd5 3. Nc3 Qa5 4. d4 Nf6 5. Nf3 Bf5 6. Ne5 c6 7. g4 Be4 8. f3 Bd5 9. Bd2 Qb6 10. Nxd5 cxd5 11.
g5 Nfd7 12. Bc3 Nxe5 13. dxe5 e6 14. Qd2 Bc5 15. b4 Be3 16. Qd3 Bxg5 17. Bd4 Qxb4+ 18.
c3 Bh4+ 19. Kd1 Qa4+ 20. Kd2 Bg5+ 21. Be3 Bxe3+ 22. Kxe3 Nc6 23. f4 Qa5 24. Bh3 Qc5+ 25.
Kf3 g6 26. Rab1 Qe7 27. Rb5 b6 28. Rb2 Rc8 29. Rg1 Kf8 30. Qe3 Na5 31. Rb4 Nc4 32. Qd4 Qc5 33. Qxc5+ Rxc5 34. Rd1 Ke7 35. Bf1 Rhc8 36.
a4 Na5 0-1

[Event "Late-Titled-Tuesday-Blitz-April-30-2024"]
[Site "Chess.com"]
[Date "2024.04.30"]
[Round "11"]
[White "yaguigor"]
[Black "ab-lsv"]
[Result "1-0"]
[WhiteElo "2559"]
[BlackElo "2386"]
[TimeControl "180+1"]
[EndTime "16:04:00 PDT"]
[Termination "yaguigor won by resignation"]

1. Nf3 c5 2. e4 g6 3. d4 cxd4 4. Nxd4 Nc6 5. c4 d6 6. Nc3 Nxd4 7. Qxd4 Nf6 8. f3 Bg7 9. Be3 O-O 10. Qd2 a6 11.
Rc1 Qa5 12. b3 Be6 13. Na4 Qxd2+ 14. Kxd2 Nd7 15. g4 f5 16. exf5 gxf5 17. h3 d5 18.
Nc5 Nxc5 19. Bxc5 Bh6+ 20. Be3 Bxe3+ 21. Kxe3 Rad8 22. cxd5 Bxd5 23. Bc4 fxg4 24. Bxd5+ Rxd5 25. hxg4 Rfd8 26. Rc7 R8d7 27. Rxd7 Rxd7 28. Rh6 Kg7 29. g5 e5 30. Re6 Rd1 31. Rxe5 Ra1 32. Kf4 Rxa2 33.
Re7+ Kg6 34. Rxb7 Rb2 35. Rb6+ Kg7 36. Kf5 a5 37. Rb7+ Kf8 38. Kf6 Ke8 39. Rxh7 Rxb3 40. Rh8+ Kd7 41. f4 a4 42. Ra8 Rb6+ 43. Kf7 Rb4 44. f5 1-0

[Event "Late-Titled-Tuesday-Blitz-April-30-2024"]
[Site "Chess.com"]
[Date "2024.04.30"]
[Round "11"]
[White "zano2023"]
[Black "vanyakuba"]
[Result "0-1"]
[WhiteElo "2174"]
[BlackElo "2407"]
[TimeControl "180+1"]
[EndTime "16:04:01 PDT"]
[Termination "vanyakuba won by resignation"]

1. d4 g6 2. e4 Bg7 3. Nf3 d6 4. Bd3 Nd7 5. O-O a6 6. Re1 e6 7. Nbd2 Ne7 8. Nf1 O-O 9. Ng3 h6 10. Be3 b6 11. Qd2 Kh7 12. h3 Bb7 13. Rad1 c5 14.
c3 cxd4 15. cxd4 b5 16. Nh2 Nb6 17. b3 Rc8 18. f4 f5 19. exf5 exf5 20. Nf3 Bxf3 21.
gxf3 Ned5 22. Bf2 Qf6 23. Rc1 Rxc1 24. Rxc1 Re8 25. Re1 Rxe1+ 26. Qxe1 Nxf4 27. Bf1 Nbd5 28. Qd2 Qg5 29. Kh2 h5 30. Be3 Bh6 31. Bxf4 Qxf4 32.
Qxf4 Bxf4 33. Kg2 Ne3+ 34. Kf2 Nxf1 35. Nxf1 g5 36. a4 bxa4 37. bxa4 Kg6 38. Ke2 Kf6 39. Kd3 Ke6 40. Kc4 g4 41. fxg4 fxg4 42. hxg4 hxg4 43.
Kd3 Kd5 44. a5 g3 45. Ne3+ Bxe3 46. Kxe3 g2 47. Kf2 g1=Q+ 48. Kxg1 Kxd4 49. Kf2 Kc3 50. Ke2 d5 51. Kd1 Kd3 52. Kc1 Ke2 0-1

[Event "Late-Titled-Tuesday-Blitz-April-30-2024"]
[Site "Chess.com"]
[Date "2024.04.30"]
[Round "11"]
[White "TheMagician"]
[Black "chess_sharparchitect"]
[Result "0-1"]
[WhiteElo "2136"]
[BlackElo "2266"]
[TimeControl "180+1"]
[EndTime "16:04:02 PDT"]
[Termination "chess_sharparchitect won on time"]

1. e4 c5 2. Nf3 d6 3. d4 cxd4 4. Nxd4 Nf6 5. Nc3 a6 6. Bc4 e6 7. Bb3 b5 8. f4 Be7 9. f5 e5 10. Nde2 b4 11. Nd5 Nxe4 12. Be3 Nc5 13. Bxc5 dxc5 14.
O-O Bb7 15. Ng3 Nd7 16. Nh5 Nf6 17. Nxg7+ Kf8 18. Nxf6 Bxf6 19. Nh5 Rg8 20. Rf2 Bh4 21. g3 Qg5 0-1

[Event "Late-Titled-Tuesday-Blitz-April-30-2024"]
[Site "Chess.com"]
[Date "2024.04.30"]
[Round "11"]
[White "ansko1999"]
[Black "Boninknights"]
[Result "1-0"]
[WhiteElo "2628"]
[BlackElo "2395"]
[TimeControl "180+1"]
[EndTime "16:04:04 PDT"]
[Termination "ansko1999 won by resignation"]

1. c4 Nf6 2. Nf3 g6 3. g3 Bg7 4. Bg2 O-O 5. O-O d6 6. d4 c6 7. b3 Nbd7 8. Bb2 Re8 9. Nc3 Qc7 10.
Qc2 e5 11. dxe5 dxe5 12. Ng5 Nc5 13. Nce4 Bf5 14. Nxf6+ Bxf6 15. Ne4 Bg7 16. Rad1 Rad8 17. h3 h5 18. g4 hxg4 19. hxg4 Bxe4 20. Bxe4 a5 21.
Bc3 Rxd1 22. Rxd1 Rd8 23. Rxd8+ Qxd8 24. Bf3 Ne6 25. Qd2 Qxd2 26. Bxd2 a4 27. bxa4 Nc5 28. a5 e4 29. Bg2 f5 30. gxf5 gxf5 31. Bh3 Na4 32. Bxf5 Nc3 33. Bxc3 Bxc3 34. a6 bxa6 35. Bxe4 c5 36. Kg2 Kg7 37. Kf3 Kf6 38. Bd5 Ke5 39.
e3 Bd2 40. Ke2 Bc1 41. f4+ Kd6 42. Kf3 Ke7 43. e4 Kf6 44. e5+ Ke7 45. Ke4 Bd2 46. f5 1-0

[Event "Late-Titled-Tuesday-Blitz-April-30-2024"]
[Site "Chess.com"]
[Date "2024.04.30"]
[Round "11"]
[White "mjelcic"]
[Black "VirtualCoach"]
[Result "0-1"]
[WhiteElo "2313"]
[BlackElo "2102"]
[TimeControl "180+1"]
[EndTime "16:04:05 PDT"]
[Termination "VirtualCoach won by checkmate"]

1. c4 Nf6 2. Nc3 e5 3. e4 d6 4. g3 g6 5. Bg2 Bg7 6. Nge2 O-O 7. O-O Nbd7 8. d3 c6 9. h3 Ne8 10. f4 f5 11. Be3 Ndf6 12. Qd2 Be6 13. b3 b6 14. d4 Nxe4 15. Nxe4 fxe4 16. Bxe4 d5 17. cxd5 cxd5 18. Bg2 e4 19. Rac1 Qd7 20. Kh2 Nd6 21. Rc2 Rac8 22. Rfc1 Nf5 23. Kg1 Nxe3 24.
Qxe3 Bxh3 25. Nc3 Bxg2 26. Kxg2 g5 27. fxg5 Rf3 28. Qe1 Bxd4 29. Nxe4 Rxc2+ 30. Rxc2 dxe4 31. Qxe4 Re3 32. Qf4 Re1 33. Rc7 Rg1+ 34. Kh2 Rh1+ 35. Kxh1 Qh3# 0-1

[Event "Late-Titled-Tuesday-Blitz-April-30-2024"]
[Site "Chess.com"]
[Date "2024.04.30"]
[Round "11"]
[White "miaou33"]
[Black "MNyuyu"]
[Result "1-0"]
[WhiteElo "2540"]
[BlackElo "2397"]
[TimeControl "180+1"]
[EndTime "16:04:06 PDT"]
[Termination "miaou33 won by checkmate"]

1. e4 d5 2. Nc3 dxe4 3. Nxe4 Bf5 4. Ng3 Bg6 5. Nf3 Nd7 6. Bc4 e6 7. O-O Ngf6 8. Re1 Be7 9. d3 O-O 10. Nh4 c6 11. a4 Qc7 12. Qf3 Ne5 13. Qf4 Bd6 14.
Nxg6 hxg6 15. Qh4 Nxc4 16. dxc4 Bxg3 17. hxg3 Rfd8 18. Bg5 Qe7 19. b3 Rd7 20. Rad1 Rad8 21. Rxd7 Rxd7 22. Kh2 Qb4 23. Re3 Nh7 24. Bf4 g5 25.
Bxg5 Nxg5 26. Qxg5 Qd2 27. Qf4 Qxc2 28. Rf3 Qh7+ 29.
Qh4 Qb1 30. Qh5 g6 31. Qe5 Rd1 32. Qb8+ Kh7 33. Rxf7+ Kh6 34. Qh8+ Kg5 35. Qh4# 1-0

[Event "Late-Titled-Tuesday-Blitz-April-30-2024"]
[Site "Chess.com"]
[Date "2024.04.30"]
[Round "11"]
[White "Ajedrez_con_German"]
[Black "Kombinator01"]
[Result "1-0"]
[WhiteElo "2632"]
[BlackElo "2414"]
[TimeControl "180+1"]
[EndTime "16:04:07 PDT"]
[Termination "Ajedrez_con_German won by resignation"]

1. d4 Nf6 2. Nf3 g6 3. Bf4 Bg7 4. e3 d5 5. h3 O-O 6. Be2 c5 7. c3 Qb6 8. Qb3 c4 9. Qxb6 axb6 10. Nbd2 b5 11. O-O Nc6 12. a3 Bf5 13. Ne5 Nxe5 14. Bxe5 Ne4 15. Bxg7 Kxg7 16. Nxe4 Bxe4 17. Rfe1 f6 18. Rac1 Rae8 19. g4 g5 20. f3 Bg6 21.
Kf2 e5 22. dxe5 Rxe5 23. f4 Re7 24. Bf3 h6 25. Bxd5 f5 26. gxf5 Rxf5 27. Bf3 gxf4 28. exf4 Rxe1 29. Rxe1 Rxf4 30. Kg3 Rf7 31. Re5 Rd7 32.
Rxb5 Rd3 33. Kf4 Bf7 34. Rxb7 Kf6 35. Rb6+ Kg7 36. h4 Rd2 37. a4 Rh2 38. Kg3 Rc2 39. a5 Rc1 40. a6 Ra1 41. Rb7 Rxa6 42. Bd5 Rf6 43. Bxc4 Kg6 44. Rxf7 1-0

[Event "Late-Titled-Tuesday-Blitz-April-30-2024"]
[Site "Chess.com"]
[Date "2024.04.30"]
[Round "11"]
[White "GalaxyRoman"]
[Black "Cambek64"]
[Result "0-1"]
[WhiteElo "2716"]
[BlackElo "2522"]
[TimeControl "180+1"]
[EndTime "16:04:07 PDT"]
[Termination "Cambek64 won by checkmate"]

1. e4 e6 2. d4 d5 3. Nc3 Nc6 4. e5 Nge7 5. f4 Nf5 6. Nf3 b6 7. Bb5 Bd7 8. Ne2 Nxe5 9. fxe5 Bxb5 10. O-O Be7 11. c3 O-O 12. Rf2 Bxe2 13. Qxe2 c5 14. g4 Nh4 15. Nxh4 Bxh4 16. Be3 cxd4 17. cxd4 Rc8 18.
Rf3 Bg5 19. Raf1 Bxe3+ 20. Qxe3 Rc2 21. R1f2 Rxf2 22. Qxf2 Qc7 23. Rc3 Qe7 24. Kg2 Qg5 25. Kg3 h5 26. Qf4 h4+ 27. Kf3 f6 28. Qxg5 fxg5+ 29. Ke3 Rf4 30. h3 Re4+ 31. Kd3 Rf4 32. Ke3 Re4+ 33. Kd3 Rf4 34. Rc6 Kf7 35. Rc7+ Kf8 36. Rxa7 Rf3+ 37. Ke2 Rxh3 38. Ra8+ Kf7 39. Ra7+ Kg6 40.
Re7 Rg3 41. Rxe6+ Kf7 42. Rxb6 Rxg4 43. e6+ Ke7 44. Rb7+ Kxe6 45. Rxg7 h3 46. Rh7 Rg2+ 47. Ke3 g4 48. Kf4 h2 49. a4 g3 50. a5 Rg1 51.
Rh6+ Kd7 52. Rh7+ Kd6 53. a6 h1=Q 54. a7 Qxh7 55. a8=Q Rf1+ 56. Kxg3 Qd3+ 57. Kh4 Qe4+ 58. Kg5 Rf5+ 59. Kh6 Qh4+ 60. Kg7 Qg4+ 61. Kh6 Rh5# 0-1

[Event "Late-Titled-Tuesday-Blitz-April-30-2024"]
[Site "Chess.com"]
[Date "2024.04.30"]
[Round "11"]
[White "egnfanclub"]
[Black "AlainBruxelles"]
[Result "1-0"]
[WhiteElo "2356"]
[BlackElo "2242"]
[TimeControl "180+1"]
[EndTime "16:04:18 PDT"]
[Termination "egnfanclub won by resignation"]

1. e4 c5 2. Nc3 Nc6 3. f4 g6 4. Nf3 Bg7 5. Bc4 e6 6. f5 Nd4 7. fxe6 dxe6 8. d3 Ne7 9. O-O O-O 10. Bg5 a6 11. a4 Bd7 12. Qd2 b5 13. Bb3 Nxb3 14.
cxb3 Bc6 15. axb5 axb5 16. Rxa8 Bxa8 17. Nxb5 Qd7 18. Nc3 Nc6 19. Na4 Qa7 20. Be3 Nd4 21. Qf2 e5 22. Rc1 f5 23. Nxc5 fxe4 24. Nxe4 Nxf3+ 25. gxf3 Qf7 26. Kg2 Qxb3 27. Rc7 Qxd3 28. Ng5 e4 29.
Rxg7+ Kxg7 30. Ne6+ Kg8 31. Nxf8 exf3+ 32. Kg3 Kxf8 33.
Bh6+ Kg8 34. Qc5 f2+ 35. Kh4 Qe4+ 36. Kg3 f1=Q 37. Qc8+ Kf7 38. Qf8+ Ke6 39. Qxf1 Qd3+ 40. Qxd3 1-0

[Event "Late-Titled-Tuesday-Blitz-April-30-2024"]
[Site "Chess.com"]
[Date "2024.04.30"]
[Round "11"]
[White "Bykov_Egor"]
[Black "vladgoncharov"]
[Result "1-0"]
[WhiteElo "2614"]
[BlackElo "2590"]
[TimeControl "180+1"]
[EndTime "16:04:23 PDT"]
[Termination "Bykov_Egor won by resignation"]

1. e4 e6 2. d4 d5 3. exd5 exd5 4. c4 Nf6 5. Nc3 Bb4 6. Nf3 O-O 7. Bd3 dxc4 8. Bxc4 Ne4 9. Qc2 Bf5 10. Bd3 Nxc3 11.
bxc3 Bxd3 12. Qxd3 Qe7+ 13. Be3 Bd6 14. O-O h6 15.
Rfe1 Qf6 16. d5 Nd7 17. Bd4 Qg6 18. Qxg6 fxg6 19. Re6 g5 20. Rae1 b6 21. Nd2 Nc5 22. Bxc5 Bxc5 23. Ne4 Ba3 24. f3 Rad8 25. Rd1 Rd7 26.
c4 Kf7 27. Kf1 Re8 28. Rxe8 Kxe8 29. Nc3 Bc5 30. Re1+ Kf7 31. Re6 a6 32. Ke2 Bd6 33.
h3 Re7 34. Rxe7+ Kxe7 35. Kd3 Be5 36. Nd1 Kd6 37. Ne3 Kc5 38. Ke4 Ba1 39. Kd3 Kb4 40. Nc2+ Ka4 41. Nxa1 Ka3 42. Kc3 Kxa2 43. Nb3 a5 44.
Nd4 a4 45. Nb5 a3 46. Kc2 h5 47. g4 h4 48. Kc3 1-0

[Event "Late-Titled-Tuesday-Blitz-April-30-2024"]
[Site "Chess.com"]
[Date "2024.04.30"]
[Round "11"]
[White "merinasian"]
[Black "nicolasbatista3"]
[Result "1-0"]
[WhiteElo "2591"]
[BlackElo "2444"]
[TimeControl "180+1"]
[EndTime "16:04:24 PDT"]
[Termination "merinasian won on time"]

1. d4 d5 2. Nf3 Nf6 3. e3 e6 4. c4 c6 5. Nbd2 Nbd7 6. Bd3 dxc4 7. Nxc4 Be7 8. O-O O-O 9. Bd2 b6 10. e4 Bb7 11. b4 c5 12. bxc5 bxc5 13. e5 Nd5 14.
Rb1 Rb8 15. Nd6 Bxd6 16. exd6 cxd4 17. Nxd4 Ne5 18. Bxh7+ Kxh7 19. Qh5+ Kg8 20. Qxe5 Qh4 21. Nf3 Qa4 22. Ng5 Nf6 23. Bc3 Qg4 24. f3 Qh4 25.
Rb4 Qh6 26. Rfb1 Nd7 27. Qg3 Nc5 28. Rh4 Qg6 29. Rf1 f6 30. Rg4 f5 31. Rh4 Ba6 32. f4 Bxf1 33. Qh3 Qxg5 34. fxg5 Bd3 35. g6 1-0

[Event "Late-Titled-Tuesday-Blitz-April-30-2024"]
[Site "Chess.com"]
[Date "2024.04.30"]
[Round "11"]
[White "BeanScreen"]
[Black "Krlence"]
[Result "1-0"]
[WhiteElo "2674"]
[BlackElo "2502"]
[TimeControl "180+1"]
[EndTime "16:04:25 PDT"]
[Termination "BeanScreen won by checkmate"]

1. e4 d5 2. exd5 Qxd5 3. Nc3 Qd6 4. d4 c6 5. Nf3 Nf6 6. g3 Bg4 7. Bf4 Qd8 8. Bg2 e6 9. h3 Bxf3 10. Qxf3 Bd6 11. O-O-O Bxf4+ 12. Qxf4 Nbd7 13. g4 O-O 14. h4 Nd5 15. Nxd5 cxd5 16. Kb1 Rc8 17. g5 Qc7 18. Qd2 Nb6 19. h5 Nc4 20. Qe2 Qb6 21. c3 Qb5 22.
Ka1 Nd6 23. Qg4 Nf5 24. g6 h6 25. Rde1 Rc6 26. Bf1 Qa5 27. Bd3 Rxc3 28. gxf7+ Rxf7 29. Bxf5 Rxf5 30. Rxe6 Rcf3 31. Rc1 Qd8 32. Qg6 Rf8 33.
Rg1 Qd7 34. Rge1 Rxf2 35. a3 Qb5 36. Qb1 Rd2 37. Rg1 Rdf2 38. Rxg7+ Kxg7 39. Qg6+ Kh8 40. Qxh6+ Kg8 41. Qg5+ Kf7 42. Qg6# 1-0

[Event "Late-Titled-Tuesday-Blitz-April-30-2024"]
[Site "Chess.com"]
[Date "2024.04.30"]
[Round "11"]
[White "PawnEatingZombie"]
[Black "sansanathalia"]
[Result "0-1"]
[WhiteElo "2221"]
[BlackElo "2409"]
[TimeControl "180+1"]
[EndTime "16:04:25 PDT"]
[Termination "sansanathalia won on time"]

1. e4 c5 2. c3 Nf6 3. e5 Nd5 4. Nf3 d6 5. d4 cxd4 6. cxd4 Nc6 7. Bc4 Nb6 8. Bb5 dxe5 9. Nxe5 Qd5 10. Bxc6+ bxc6 11. O-O Be6 12. Nc3 Qd6 13. Ne4 Qc7 14. Bf4 Qc8 15. Rc1 Bd5 16. Nc3 Be6 17. Nb5 Bd5 18.
Nxc6 Bxc6 19. Nc7+ Kd7 20. Rxc6 Kxc6 21. Qf3+ Kd7 22. Nxa8 Qxa8 23. Qg4+ e6 24. Rc1 Nd5 25. Be5 f6 26. Bg3 Qb7 27. Re1 Qc6 28. h4 g6 29.
h5 Bb4 30. Rd1 Rg8 31. hxg6 hxg6 32. Qh4 Rg7 33. Qh8 Re7 34. a3 Ba5 35. Bh4 g5 36. Bg3 Bb6 37. Kh2 Qc2 38. Rf1 Rh7+ 39. Kg1 Rxh8 0-1

[Event "Late-Titled-Tuesday-Blitz-April-30-2024"]
[Site "Chess.com"]
[Date "2024.04.30"]
[Round "11"]
[White "only_strong_moves"]
[Black "WilsonPalencia21"]
[Result "1/2-1/2"]
[WhiteElo "2729"]
[BlackElo "2539"]
[TimeControl "180+1"]
[EndTime "16:04:26 PDT"]
[Termination "Game drawn - insufficient material"]

1. a4 e6 2. g3 Nf6 3. Bg2 c5 4. Nf3 Be7 5. O-O O-O 6. d4 cxd4 7. Nxd4 a6 8. c4 d6 9. Nc3 Qc7 10. Qd3 Nbd7 11. b3 Nc5 12. Qc2 Rb8 13. Ba3 Re8 14. e4 e5 15. Nf5 Bf8 16. Rad1 Be6 17. Ne3 Rbc8 18. f4 exf4 19. gxf4 Ng4 20. Nxg4 Bxg4 21. Nd5 Qd8 22. f5 Bxd1 23. Rxd1 Qg5 24. Kh1 Qh4 25.
Bxc5 Rxc5 26. Kg1 b5 27. axb5 axb5 28. Ne3 Qg5 29. Qf2 Rce5 30. h4 Qd8 31. Ng4 Rxe4 32. Bxe4 Rxe4 33. Qf3 Re8 34. cxb5 Qb6+ 35. Kg2 Qxb5 36.
Rd2 Rb8 37. Rd3 Qb7 38. h5 Qxf3+ 39. Kxf3 Rb5 40. Ne3 h6 41. Nd5 Kh7 42. Ke4 g6 43. Nf6+ Kg7 44. Ne8+ Kg8 45. hxg6 fxg6 46. Rd5 Rxb3 47.
fxg6 Rg3 48. Nf6+ Kh8 49. Kf5 Rg5+ 50. Ke6 Rxd5 51. Nxd5 Kg7 52. Kf5 h5 53. Nf6 h4 54.
Nh5+ Kh6 55. Nf4 Bg7 56. Nh3 Be5 57. Kg4 Bg3 58. Kf5 d5 59. Kf6 d4 60. g7 Be5+ 61.
Kxe5 Kxg7 62. Kxd4 Kg6 63. Ke4 Kh5 64. Kf3 Kg6 65. Ng1 Kf6 66. Ne2 Ke6 67. Nf4+ Kf6 68. Nh3 Kf5 69. Ng1 Kf6 70. Ne2 Kf7 71. Kg4 Ke7 72.
Kxh4 1/2-1/2

[Event "Late-Titled-Tuesday-Blitz-April-30-2024"]
[Site "Chess.com"]
[Date "2024.04.30"]
[Round "11"]
[White "Vincefm"]
[Black "xberli"]
[Result "1-0"]
[WhiteElo "2509"]
[BlackElo "2621"]
[TimeControl "180+1"]
[EndTime "16:04:26 PDT"]
[Termination "Vincefm won by checkmate"]

1. e4 c5 2. Nf3 e6 3. Nc3 Nc6 4. d4 cxd4 5. Nxd4 Nf6 6. g3 Bc5 7. Nb3 Bb6 8. Bg2 O-O 9. O-O a6 10. Qe2 d6 11. Be3 Bxe3 12. Qxe3 Qc7 13. Rad1 Rd8 14. f4 Nd7 15. g4 b5 16. g5 Bb7 17.
Qh3 Nf8 18. f5 Ne5 19. f6 Nfg6 20. fxg7 b4 21. Ne2 Qxc2 22. Ng3 Qxb2 23. Nh5 Nd7 24. Nd4 Qc3 25. Rd3 Qc5 26. Rxf7 Qe5 27. Rxd7 Rxd7 28. Nf6+ Kf7 29. Qxh7 Qxg5 30. g8=Q+ Kxf6 31. Rf3+ Ke5 32. Qgxg6 Qc1+ 33. Rf1 Qe3+ 34. Kh1 Rxh7 35. Qf6# 1-0

[Event "Late-Titled-Tuesday-Blitz-April-30-2024"]
[Site "Chess.com"]
[Date "2024.04.30"]
[Round "11"]
[White "IlanSchnaider"]
[Black "Djager97"]
[Result "1-0"]
[WhiteElo "2739"]
[BlackElo "2576"]
[TimeControl "180+1"]
[EndTime "16:04:28 PDT"]
[Termination "IlanSchnaider won on time"]

1. Nf3 d5 2. g3 Nd7 3. d4 Nb6 4. Nc3 Nf6 5. a4 a5 6. Bf4 c6 7. Bg2 Bf5 8. Nh4 Bg4 9. h3 Bh5 10. O-O e6 11. Qd3 Bd6 12. Bg5 h6 13. Bxf6 Qxf6 14.
e4 Qd8 15. Rfe1 O-O 16. Nf3 Bg6 17. Qe2 Nd7 18. Rad1 Qb6 19. Rb1 Qb4 20. Qe3 dxe4 21. Nh4 Bh7 22. Nxe4 Bxe4 23. Bxe4 Qxa4 24. Bd3 Qb4 25.
c3 Qb6 26. g4 Qc7 27. Ng2 e5 28. g5 exd4 29. Qe4 f5 30. Qe6+ Kh8 31. Nh4 hxg5 32. Ng6+ Kh7 33. Nxf8+ Rxf8 34. Bxf5+ Kh8 35. Qxd7 Bh2+ 36.
Kg2 Qf4 37. Re8 1-0

[Event "Late-Titled-Tuesday-Blitz-April-30-2024"]
[Site "Chess.com"]
[Date "2024.04.30"]
[Round "11"]
[White "ImportedItalianMaple"]
[Black "Oleg_Papayan"]
[Result "1-0"]
[WhiteElo "2478"]
[BlackElo "2627"]
[TimeControl "180+1"]
[EndTime "16:04:29 PDT"]
[Termination "ImportedItalianMaple won on time"]

1. e4 d5 2. exd5 Qxd5 3. Nc3 Qd8 4. d4 c6 5. Nf3 Bf5 6. Bc4 e6 7. Ne5 Nd7 8. Qe2 Nb6 9. Bb3 Qxd4 10. Bd2 Bd6 11.
Nf3 Qf6 12. O-O-O Bc7 13. Bg5 Qg6 14. h4 h5 15. Nd4 Nh6 16. Ncb5 cxb5 17. Qxb5+ Kf8 18.
Qc5+ Kg8 19. Qxc7 Kh7 20. Bxh6 Qxh6+ 21. Kb1 Qf6 22. Qxb7 Rab8 23. Qf3 Bg6 24. Qe2 Rbc8 25. Nf3 Rhd8 26. Rxd8 Qxd8 27. Rd1 Qc7 28. Ne5 a6 29. Nxg6 Kxg6 30. Qe4+ Kh6 31. c3 a5 32. Bc2 g6 33. g4 hxg4 34. Qxg4 Nd5 35. Qg5+ Kg7 36.
h5 Qf4 37. Rxd5 Qxg5 38. Rxg5 1-0

[Event "Late-Titled-Tuesday-Blitz-April-30-2024"]
[Site "Chess.com"]
[Date "2024.04.30"]
[Round "11"]
[White "Shankland"]
[Black "ChristopherYoo"]
[Result "0-1"]
[WhiteElo "2965"]
[BlackElo "3039"]
[TimeControl "180+1"]
[EndTime "16:04:30 PDT"]
[Termination "ChristopherYoo won by resignation"]

1. d4 Nf6 2. c4 e6 3. Nc3 Bb4 4. Qc2 h6 5. e3 c5 6. Bd3 d5 7.
cxd5 exd5 8. dxc5 Nc6 9. Ne2 Bxc5 10. O-O O-O 11. Rd1 Bd6 12. Nf4 Bxf4 13. exf4 d4 14. Ne4 Nb4 15. Nxf6+ Qxf6 16. Bh7+ Kh8 17. Qc5 Bg4 18. Rxd4 Na6 19. Qc3 Kxh7 20. Be3 Rac8 21. Qa3 Rfd8 22. Rxd8 Rxd8 23. h3 Bf5 24. Rc1 Rc8 25.
Rd1 Qg6 26. Kh2 Be4 27. g4 Bc6 28. f5 Qf6 29. Bf4 Rd8 30. Rxd8 Qxd8 31. Qe3 Qd5 32. Kg3 Nc5 33. f3 Nd3 34. Bb8 Nxb2 35. Bxa7 Nc4 36.
Qf4 Nd2 37. Be3 Nf1+ 38. Kf2 Nxe3 39. Qxe3 Qxa2+ 40. Kg3 Qd5 41. f4 b5 42. Qc3 Qg2+ 43.
Kh4 Qf2+ 44. Kh5 g6+ 0-1

[Event "Late-Titled-Tuesday-Blitz-April-30-2024"]
[Site "Chess.com"]
[Date "2024.04.30"]
[Round "11"]
[White "Kobalia"]
[Black "Mackster23"]
[Result "1-0"]
[WhiteElo "2793"]
[BlackElo "2616"]
[TimeControl "180+1"]
[EndTime "16:04:30 PDT"]
[Termination "Kobalia won by resignation"]

1. e4 c5 2. Nf3 d6 3. d4 cxd4 4.
Nxd4 Nf6 5. Nc3 a6 6. Be3 e6 7. g4 e5 8. Nf5 g6 9. Bg2 gxf5 10. exf5 h5 11. h3 hxg4 12. hxg4 Rxh1+ 13. Bxh1 d5 14. Nxd5 Nxd5 15. Bxd5 Nc6 16. Qd2 Bd7 17. O-O-O Qe7 18.
Be4 O-O-O 19. Bb6 Re8 20. f6 Qd6 21. Qxd6 Bxd6 22. Rxd6 Bxg4 23. Bxc6 bxc6 24. Rxc6+ Kd7 25. Rc4 Re6 26. Rc7+ Ke8 27. Bc5 Rxf6 28. Re7+ Kd8 29. Rxe5 Rf5 30. Rxf5 Bxf5 31. b3 Kc7 32. c4 Kc6 33.
Bd4 Bg6 34. Kb2 Bf5 35. Kc3 Bb1 36. a3 Be4 37. b4 Bg6 38. a4 Be4 39. b5+ axb5 40.
axb5+ Kb7 41. Kb4 f5 42. c5 Kc7 43. c6 Bf3 44. Kc5 Be4 45. b6+ Kc8 46. b7+ 1-0

[Event "Late-Titled-Tuesday-Blitz-April-30-2024"]
[Site "Chess.com"]
[Date "2024.04.30"]
[Round "11"]
[White "TheAlienParty"]
[Black "imdvb6307"]
[Result "0-1"]
[WhiteElo "2424"]
[BlackElo "2535"]
[TimeControl "180+1"]
[EndTime "16:04:31 PDT"]
[Termination "imdvb6307 won by checkmate"]

1. c4 Nf6 2. Nc3 c6 3. e4 d5 4. e5 d4 5. exf6 dxc3 6. bxc3 exf6 7. d4 c5 8. Nf3 Nc6 9. Be3 cxd4 10. cxd4 Bb4+ 11. Bd2 Bxd2+ 12. Qxd2 Bg4 13. Qe3+ Qe7 14. O-O-O O-O-O 15. Qxe7 Nxe7 16. Be2 Nf5 17. d5 b6 18. h3 Bxf3 19. Bxf3 Nd6 20. Kb1 Kd7 21. Rd4 Rc8 22.
Rc1 Rc5 23. Be2 Rhc8 24. a4 Re8 25.
Bd3 Ra5 26. Bc2 Re2 27. Rf4 h6 28. Rg4 g5 29. f4 Nxc4 30. fxg5 Na3+ 31. Kb2 Nxc2 32.
Rxc2 Rxc2+ 33. Kxc2 fxg5 34. Rd4 Kd6 35. Rd2 Rxd5 36.
Rf2 f5 37. Kc3 Kc5 38. Re2 f4 39. Re7 a5 40. Rc7+ Kd6 41. Rb7 Kc6 42. Rh7 Rd6 43. Kc4 Rf6 44. Rg7 Kd6 45. Rb7 Ke5 46. Re7+ Kf5 47.
Kb5 Kg6 48. Rb7 h5 49. Rb8 g4 50. Rg8+ Kf5 51. Rc8 f3 52. hxg4+ hxg4 53. gxf3 gxf3 54. Rc2 Kf4 55. Rc1 Kg3 56. Rg1+ Kh2 57. Rg8 f2 58.
Rh8+ Kg1 59. Rg8+ Kh2 60. Rh8+ Kg2 61. Rg8+ Kf3 62. Ka6 f1=Q+ 63. Ka7 Rf7+ 64. Ka8 Qa6+ 65. Kb8 Qb7# 0-1

[Event "Late-Titled-Tuesday-Blitz-April-30-2024"]
[Site "Chess.com"]
[Date "2024.04.30"]
[Round "11"]
[White "alexrustemov"]
[Black "Meri-Arabidze"]
[Result "1-0"]
[WhiteElo "2884"]
[BlackElo "2700"]
[TimeControl "180+1"]
[EndTime "16:04:32 PDT"]
[Termination "alexrustemov won on time"]

1. d4 Nf6 2. c4 e6 3. Nf3 Bb4+ 4. Bd2 Qe7 5. g3 Nc6 6. Nc3 Bxc3 7. Bxc3 Ne4 8. Qc2 d5 9. Bg2 O-O 10. O-O Bd7 11.
Rac1 Rac8 12. Rfd1 Rfd8 13. Ne1 Nxc3 14. Qxc3 Be8 15.
e3 Nb4 16. Qa3 a5 17. Nd3 b6 18. c5 Nxd3 19. Rxd3 b5 20. c6 Qxa3 21. Rxa3 Ra8 22. Rc5 Rdb8 23. Bf1 b4 24. Raxa5 Rxa5 25. Rxa5 Bxc6 26.
Ra7 Bb7 27. Bd3 Kf8 28. Kf1 h6 29. Ke2 Ke7 30. Kd2 Kd6 31. Ra5 Bc6 32. Kc2 f6 33. Kb3 e5 34. Ra6 e4 35. Be2 f5 36. Bh5 Kd7 37. Bg6 Rf8 38. Kxb4 h5 39. Bxh5 Rh8 40. Bg6 Rxh2 41. Bxf5+ Kd6 42. Bg6 Kd7 43. Kc5 Rxf2 44.
Rxc6 Rc2+ 45. Kxd5 Rxc6 46. Be8+ Kxe8 47. Kxc6 1-0

[Event "Late-Titled-Tuesday-Blitz-April-30-2024"]
[Site "Chess.com"]
[Date "2024.04.30"]
[Round "11"]
[White "Goryachkina"]
[Black "Sjakkerntobi"]
[Result "0-1"]
[WhiteElo "2697"]
[BlackElo "2543"]
[TimeControl "180+1"]
[EndTime "16:04:33 PDT"]
[Termination "Sjakkerntobi won by checkmate"]

1. e4 e6 2. d4 d5 3. Nc3 Bb4 4. Ne2 Nc6 5. a3 Ba5 6. b4 Bb6 7. Bb2 Nge7 8. h4 O-O 9. h5 h6 10.
e5 f6 11. Na4 fxe5 12. Nxb6 axb6 13. dxe5 Nf5 14. Qd3 Qg5 15. f4 Qg4 16. g3 d4 17.
Bh3 Qxh5 18. g4 Qh4+ 19. Kd2 Ne3 20. g5 Qf2 21. gxh6 Rxf4 22. hxg7 Rh4 23. Rag1 Nxe5 24. Qb3 N5c4+ 25. Kc1 e5 26. Bxc8 Rxc8 27. Rxh4 Qxh4 28. Qd3 c5 29. b5 Re8 30. Qg6 Re7 31. a4 Qh7 32.
Qg5 Qxc2# 0-1